 Dungeon Crawl Stone Soup version 0.32-a0-485-g70f7560b1c (webtiles) character file.

Game seed: 13140544419439020350

38 HC7 the Ruffian (level 3, -9/32 HPs)
             Began as a Troll Shapeshifter on Feb 26, 2024.
             Mangled by an ogre
             ... wielding a +0 giant club
              (20 damage)
             ... on level 3 of the Dungeon.
             The game lasted 00:03:25 (1609 turns).

HC7 the Ruffian (Troll Shapeshifter)                Turns: 1609, Time: 00:03:25

Health: -9/32      AC:  4    Str: 22    XL:     3   Next: 25%
Magic:  2/2        EV:  9    Int:  6    God:
Gold:   33         SH:  0    Dex: 11    Spells: 2/2 levels left

rFire   . .          .
                       - Unarmed
rCold   . . .        (no shield)
rNeg    . . .        a - +0 animal skin
rPois   .            (helmet currently unavailable)
rElec   .            (cloak currently unavailable)
rCorr   .            (gloves unavailable)
SInv    .            (boots unavailable)
Will    .....        (no amulet)
Stlth   +            (no ring)
HPRegen 1.05/turn    (no ring)
MPRegen 0.08/turn

%: no passive effects
@: beast-form
A: beast (slay +1), large, unfitting armour, claws 3, regeneration 1, shaggy fur
1, tough skin 1
a: Begin Untransformation


You were on level 3 of the Dungeon.
You were a hulking beast.
You visited 1 branch of the dungeon, and saw 4 of its levels.

You collected 33 gold pieces.

Inventory:

Hand Weapons
 g - a +0 heavy flail
Armour
 a - a +0 animal skin (worn)
Talismans
 c - a beast talisman (active)
 d - a flux talisman
Scrolls
 e - 2 scrolls of identify
Potions
 b - a potion of lignification
 f - a potion of curing
 h - a potion of heal wounds {unknown}


   Skills:
 + Level 0.7 Fighting
 + Level 1.5 Dodging
 * Level 0.4 Stealth
 + Level 3.6 Unarmed Combat
 * Level 0.2 Spellcasting
 * Level 3.4 Shapeshifting


You had 2 spell levels left.
You didn't know any spells.
Your spell library was empty.

Dungeon Overview and Level Annotations

Branches:
Dungeon (4/15)
 Temple: D:4-7

Altars:


Innate Abilities, Weirdness & Mutations

You are a hulking beast.
Your limbs bulge with bestial killing power. (Slay +1)
You are too large for most types of armour.
You have claws for hands.
Your natural rate of healing is unusually fast.
You are covered in fur. (AC +1)
You have tough skin. (AC +1)


Message History

Found a robe.
h - a bubbling sapphire potion You see here a +0 robe.
Found a robe.
You see here a +0 robe.
A kobold comes into view. It is wielding a +0 dagger.
The kobold shouts!
A dart slug and a rat come into view.
Found a stone staircase leading down.
The dart slug launches a dart at you. The slug dart misses you.
The dart slug launches a dart at you. The slug dart hits you.
Found a chain mail.
The rat barely misses you. The dart slug launches a dart at you.
The slug dart hits you but does no damage.
You claw the rat!
You kill the rat!
You see here a rat corpse.
The kobold hits you but does no damage.
There is a stone staircase leading down here.
You barely miss the ogre. The ogre hits you with a +0 giant club!
The kobold hits you but does no damage.
You can't go up here!
The ogre hits you with a +0 giant club!
Ouch! That really hurt!
* * * LOW HITPOINT WARNING * * *
The kobold hits you but does no damage.
You climb downwards.
There is a stone staircase leading up here.
The kobold barely misses you.
You climb upwards.
There is a stone staircase leading down, spattered with blood here.
The ogre misses you.
You open the door.
A giant cockroach comes into view.
The ogre hits you with a +0 giant club!!
Ouch! That really hurt!
You die...

# # ............. #
. ........... #
............ #
#..............=.
#.##.(.....J....B..
..##..............
.###....
......#'#########
.......
.......hOK.[.....
##....#
####.##w#.###....
#####.#####........#
.
.................†.#
#####.####.........#
#.# #.........# #.#
#.........# ...
.............
#..#####.#####.#.#


You could see an ogre, a dart slug, an endoplasm, a giant cockroach and a
kobold.

Vanquished Creatures
  A dart slug (D:1)
  2 endoplasms (D:1)
  A giant cockroach (D:1)
  3 hobgoblins
  3 jackals (D:1)
  3 kobolds
  2 quokkas
  9 ball pythons
  3 bats (D:1)
  A frilled lizard (D:1)
  2 goblins (D:1)
  A rat (D:3)
31 creatures vanquished.

Notes
Turn   | Place    | Note
-------+----------+-------------------------------------------
     0 | D:1      | HC7 the Troll Shapeshifter began the quest for the Orb.
     0 | D:1      | Reached XP level 1. HP: 18/18 MP: 0/0
   265 | D:1      | Reached XP level 2. HP: 26/26 MP: 1/1
   642 | D:1      | Reached XP level 3. HP: 32/32 MP: 2/2
  1512 | D:3      | Noticed an ogre
  1609 | D:3      | Mangled by an ogre

Illustrated notes

Levels and vault maps discovered:
D:1:      dpeg_arrival_shelter, layout_loops_ring, minmay_misc_feat_roman,
          minivault_25, nrook_mini_backslash
D:2:      layout_loops_ring
D:3:      layout_basic
D:4:      minmay_recursive_quarters, layout_basic,
          nicolae_sif_muna_little_library, minmay_temple_entry_glass,
          minmay_mini_ossuary, uniq_blork_the_orc, uniq_duvessa

Action                     || total
---------------------------++-------
  Melee: Unarmed           ||    62
    Use: Scroll            ||     4
   Stab: Sleeping          ||     1
 Armour: Animal skin       ||    46
  Dodge: Dodged            ||    36

Table legend: (Time is in decaauts)
 A = Elapsed time spent in this place.
 B = Non-inter-level travel time spent in this place.
 C = Inter-level travel time spent in this place.
 D = Time resting spent in this place.
 E = Time spent auto-exploring this place.
 F = Levels seen in this place.
 G = Mean time per level.
                   A        B        C        D        E       F      G
               +--------+--------+--------+--------+--------+-----+--------+
         Total |   1604 |   1497 |    107 |      0 |   1161 |   4 |  401.0 |
       Dungeon |   1604 |   1497 |    107 |      0 |   1161 |   4 |  401.0 |
               +--------+--------+--------+--------+--------+-----+--------+

Top non-repeatable levels by time:
     D:1: 798 daAuts
     D:2: 712 daAuts
     D:3: 92 daAuts
     D:4: 1 daAuts
